 Dungeon Crawl Stone Soup version 0.22.1-2-g9c5b331383 (webtiles) character file.

45974 Ihlosi the Fighter (level 14, -3/92 HPs)
             Began as a Kobold Gladiator on Dec 10, 2018.
             Was the Champion of Kikubaaqudgha.
             Slain by a skeletal warrior
             ... wielding a +0 halberd of flaming
              (24 damage)
             ... in a volcano on Dec 11, 2018.
             The game lasted 01:32:31 (22327 turns).

Ihlosi the Fighter (Kobold Gladiator)              Turns: 22327, Time: 01:32:32

Health: -3/92      AC: 19    Str: 15    XL:     14   Next: 73%
Magic:  23/23      EV: 23    Int: 10    God:    Kikubaaqudgha [******]
Gold:   1541       SH:  0    Dex: 17    Spells: 11/25 levels left

rFire    + . .     SeeInvis .   b - +1 scimitar (holy)
rCold    + . .     Gourm    .   (shield restricted)
rNeg     . . .     Faith    .   F - +2 robe {rC+ rF+}
rPois    +         Spirit   .   G - +2 hat {MR+}
rElec    .         Reflect  .   l - +1 cloak
rCorr    .         Harm     .   q - +1 pair of gloves
MR       ++...                  N - +2 pair of boots
Stlth    +++++.....             p - amulet of rage
HPRegen  0.25/turn              L - ring of poison resistance
MPRegen  0.18/turn              u - +6 ring of protection

@: no status effects
A: small, carnivore
a: Receive Corpses, Torment, Renounce Religion, Evoke Berserk Rage


You were in a volcano.
You worshipped Kikubaaqudgha.
Kikubaaqudgha was exalted by your worship.
You were not hungry.

You visited 3 branches of the dungeon, and saw 20 of its levels.
You also visited: Volcano.

You collected 1735 gold pieces.
You spent 194 gold pieces at shops.

Inventory:

Hand Weapons
 a - a +0 rapier
 b - a +1 scimitar of holy wrath (weapon)
 c - a +4 falchion of freezing
 V - a +0 hand crossbow
Missiles
 e - 99 bolts
Armour
 l - a +1 cloak (worn)
 q - a +1 pair of gloves (worn)
 s - +0 acid dragon scales
 z - a +0 troll leather armour
 F - a +2 robe of resistance (worn)
 G - a +2 hat of magic resistance (worn)
 I - a scarf of cloud immunity
 N - a +2 pair of boots (worn)
Jewellery
 p - an amulet of rage (around neck)
 r - an uncursed ring of see invisible
 u - a +6 ring of protection (right hand)
 v - a +2 ring of dexterity
 H - an uncursed ring of positive energy
 L - a ring of poison resistance (left hand)
 Q - an uncursed ring of magical power
Wands
 i - a wand of digging (28)
 y - a wand of iceblast (9)
 C - a wand of paralysis (20)
 O - a wand of flame (51)
Scrolls
 d - 10 scrolls of remove curse
 g - 9 scrolls of amnesia
 h - 2 scrolls of identify
 k - 3 scrolls of enchant armour
 n - 7 scrolls of teleportation
 w - 2 scrolls of fear
 A - a scroll of holy word
 B - 3 scrolls of enchant weapon
 J - a scroll of fog
 K - a scroll of blinking
 M - 4 scrolls of immolation
Potions
 j - a potion of berserk rage
 m - 3 potions of lignification
 o - 2 potions of magic
 t - 3 potions of flight
 x - 2 potions of ambrosia
 D - 10 potions of curing
 E - a potion of mutation
 P - 4 potions of heal wounds
 R - 2 potions of haste
 T - 3 potions of cancellation
 W - a potion of resistance
 X - a potion of invisibility
 Z - a potion of might
Miscellaneous
 U - a phial of floods
Comestibles
 f - 56 rations


   Skills:
 * Level 12.0 Fighting
 - Level 9.0(12.8) Short Blades
 * Level 10.0(10.5) Long Blades
 * Level 5.5 Crossbows
 - Level 2.1 Throwing
 - Level 4.0 Armour
 * Level 11.2 Dodging
 * Level 11.4 Stealth
 - Level 6.0 Spellcasting
 - Level 6.0 Necromancy
 - Level 9.0 Evocations


You had 11 spell levels left.
You knew the following spells:

 Your Spells              Type           Power        Failure   Level  Hunger
a - Pain                  Necr           ###.         1%          1    None
b - Animate Skeleton      Necr           N/A          1%          1    None
c - Vampiric Draining     Necr           ###.......   5%          3    ###....
d - Dispel Undead         Necr           ###.....     43%         5    ######.
e - Animate Dead          Necr           N/A          17%         4    ####...

Your spell library contained the following spells:

 Spells                   Type           Power        Failure   Level  Hunger
 Sublimation of Blood     Necr           ###.......   2%          2    ##.....
 Freeze                   Ice            #...         21%         1    None
 Magic Dart               Conj           #...         21%         1    None
 Passwall                 Tmut/Erth      #.......     30%         2    ##.....
 Searing Ray              Conj           #.....       30%         2    ##.....
 Shroud of Golubria       Chrm/Tloc      #.........   30%         2    ##.....
 Swiftness                Chrm/Air       #.......     30%         2    ##.....
 Throw Flame              Conj/Fire      #.....       30%         2    ##.....
 Throw Frost              Conj/Ice       #.....       30%         2    ##.....
 Agony                    Necr           ###.....     43%         5    ######.
 Dazzling Spray           Conj/Hex       #.....       52%         3    ###....
 Ozocubu's Armour         Chrm/Ice       #.......     52%         3    ###....
 Bolt of Draining         Conj/Necr      #.........   86%         5    ######.
 Excruciating Wounds      Chrm/Necr      #.........   86%         5    ######.
 Force Lance              Conj/Tloc      #.......     90%         4    ####...
 Fulminant Prism          Conj/Hex       #.........   90%         4    ####...
 Iskenderun's Mystic Bla  Conj           #.......     90%         4    ####...
 Summon Ice Beast         Ice/Summ       #.......     90%         4    ####...
 Throw Icicle             Conj/Ice       #.......     90%         4    ####...
 Haunt                    Necr/Summ      #.........   100%        7    #######
 Borgnjor's Revivificati  Necr           ###.......   100%        8    #######
 Death's Door             Chrm/Necr      #.........   100%        8    #######
 Infestation              Necr           ###.......   100%        8    #######
 Necromutation            Tmut/Necr      #.........   100%        8    #######


Dungeon Overview and Level Annotations

Branches:
Dungeon (13/15)            Temple (0/1) D:7            Lair (6/6) D:11
 Shoals (0/4) Lair:3        Snake (0/4) Lair:4          Orc (1/2) D:9
  Slime: Lair:5-6    Vaults: D:13-14

Altars:
Dithmenos
Gozag
Hepliaklqana
Kikubaaqudgha
Makhleb
Nemelex Xobeh
Okawaru
Ru
Sif Muna
Vehumet
Xom
Yredelemnul

Shops:
D:11 !*

Annotations:
D:6 2 transporters
D:13 exclusion: 3 doors


Innate Abilities, Weirdness & Mutations

You are small and have problems with some larger weapons.
You are carnivorous and can eat meat at any time.


Message History

You closely miss the skeletal warrior.
The skeletal warrior is severely damaged.
The skeletal warrior hits you with a halberd of flaming!
The skeletal warrior burns you.
You closely miss the skeletal warrior.
The skeletal warrior is severely damaged.
The skeletal warrior closely misses you.
You hit the skeletal warrior.
The skeletal warrior convulses.
The skeletal warrior is severely damaged.
You hit the skeletal warrior.
The skeletal warrior convulses.
The skeletal warrior is almost destroyed.
The skeletal warrior hits you with a halberd of flaming!
* * * LOW HITPOINT WARNING * * *
The skeletal warrior burns you.
* * * LOW HITPOINT WARNING * * *
You closely miss the skeletal warrior.
The skeletal warrior is almost destroyed.
The skeletal warrior hits you with a halberd of flaming!!
You die...
Kikubaaqudgha rasps: "You have failed me!
Welcome... death!"

##################
+...#...'...##...#
#...@...#...##...#
#..z#...#...##...#
###########.##.###
#.##.# #####
##.##.##
+...#####......#####
#................##.
#...#####.#..#.###.≈
##### #......)....


You could see a skeletal warrior.

Vanquished Creatures
  4 hydras
  A death yak (D:8)
  A two-headed ogre (D:13)
  An unseen horror (D:6)
  A glowing orange brain (D:8)
  Pikel (D:6)
  An orc knight (Orc:1)
  A cyclops (D:12)
  A merfolk siren (Lair:3)
  13 elephants
  A toenail golem (Volcano)
  5 black mambas
  2 gargoyles
  5 spiny frogs
  3 kobold demonologists
  A komodo dragon (Lair:4)
  A troll (shapeshifter) (D:9)
  5 polar bears
  4 trolls
  4 blink frogs
  A hornet (D:13)
  3 slime creatures
  3 hippogriffs
  A flying skull (Volcano)
  2 alligator skeletons (Volcano)
  A shadow (D:12)
  2 wraiths
  47 yaks
  3 wyverns
  A basilisk (Lair:5)
  Grum (D:8)
  3 humans
  2 hungry ghosts
  A golden eye (D:8)
  2 steam dragons
  A redback simulacrum (D:12)
  4 water moccasins
  An acid dragon (D:13)
  3 wargs
  7 porcupines
  3 ice beasts
  12 orc warriors
  3 sky beasts
  7 black bears
  11 ogres
  A phantom (D:8)
  10 centaurs
  10 wolves
  3 crocodiles
  11 big kobolds
  13 bullfrogs
  A wyvern zombie (D:10)
  2 gnoll sergeants
  3 wyvern skeletons
  3 scorpions
  A water moccasin skeleton (D:8)
  A hornet simulacrum (D:12)
  29 killer bees
  2 spriggan skeletons (Volcano)
  2 troll skeletons (Volcano)
  10 wights
  4 howler monkeys
  5 crimson imps
  3 centaur zombies
  5 hounds
  A centaur skeleton (D:7)
  5 orc priests
  8 jellies
  A bullfrog skeleton (D:13)
  Terence (D:2)
  13 worker ants
  4 iguanas
  8 orc wizards
  A killer bee zombie (D:9)
  2 bullfrog simulacra (D:12)
  2 centaur simulacra
  3 naga skeletons (Volcano)
  A hound skeleton (D:8)
  A howler monkey zombie (D:7)
  8 gnolls
  17 adders
  2 shadow imps
  2 white imps (D:9)
  2 ufetubi (D:12)
  An ooze (D:2)
  3 adder skeletons
  2 adder zombies
  2 worms
  A dart slug (D:2)
  4 leopard geckos
  44 orcs
  A ball python (D:1)
  7 bats
  8 giant cockroaches
  7 goblins
  8 hobgoblins
  7 jackals
  A quokka (D:12)
  A ball python skeleton (D:6)
  11 frilled lizards
  29 kobolds
  A quokka skeleton (D:6)
  A quokka zombie (D:9)
  9 rats
  A fungus (Lair:3)
531 creatures vanquished.

Vanquished Creatures (collateral kills)
  A hydra (Lair:5)
  Nergalle (D:11)
  A spiny frog (Lair:4)
  A queen bee (Lair:2)
  A troll (D:13)
  A polar bear (D:12)
  A blink frog (Lair:5)
  A hippogriff (Lair:5)
  3 slime creatures (D:12)
  A wraith (D:12)
  A human (D:13)
  4 yaks
  A hungry ghost (D:10)
  An orc warrior (Orc:1)
  A crocodile (Lair:4)
  A big kobold (D:12)
  A scorpion (D:10)
  A wight (D:12)
  A quasit (D:12)
  A bullfrog simulacrum (D:12)
  A shadow imp (D:9)
  A white imp (D:12)
  5 orcs (Orc:1)
  A ball python (D:12)
  A fungus (Lair:2)
34 creatures vanquished.

Vanquished Creatures (others)
  2 flying skulls (Volcano)
  3 slaves (D:6)
  An ogre (D:7)
  A wight (D:6)
  A gnoll (D:6)
  2 orcs
  3 kobolds (D:9)
  A quokka (D:6)
  A bush (Lair:4)
  11 fungi
  9 plants
35 creatures vanquished.

Grand Total: 600 creatures vanquished

Notes
Turn   | Place    | Note
-------+----------+-------------------------------------------
     0 | D:1      | Ihlosi the Kobold Gladiator began the quest for the Orb.
     0 | D:1      | Reached XP level 1. HP: 12/12 MP: 1/1
   123 | D:1      | Reached XP level 2. HP: 6/17 MP: 2/2
   780 | D:1      | Reached skill level 1 in Stealth
   785 | D:1      | Reached XP level 3. HP: 19/22 MP: 3/3
  1508 | D:2      | Noticed Terence
  1549 | D:2      | Killed Terence
  1549 | D:2      | Reached XP level 4. HP: 11/27 MP: 4/4
  1750 | D:2      | Reached skill level 5 in Short Blades
  1750 | D:2      | Reached skill level 1 in Armour
  1944 | D:2      | Found a basalt altar of Yredelemnul.
  2007 | D:2      | Reached XP level 5. HP: 26/32 MP: 5/5
  2238 | D:3      | Reached skill level 3 in Fighting
  2422 | D:3      | Found a burning altar of Makhleb.
  2488 | D:3      | Found a shadowy altar of Dithmenos.
  2541 | D:3      | Found a sparkling altar of Nemelex Xobeh.
  3233 | D:4      | Reached XP level 6. HP: 37/37 MP: 6/6
  3484 | D:4      | Noticed a hippogriff
  3924 | D:5      | Entered Level 5 of the Dungeon
  4000 | D:5      | Reached skill level 5 in Dodging
  4294 | D:5      | Found a sacrificial altar of Ru.
  4297 | D:5      | Reached XP level 7. HP: 41/41 MP: 7/7
  4357 | D:5      | Found an ancient bone altar of Kikubaaqudgha.
  4363 | D:5      | Became a worshipper of Kikubaaqudgha
  4782 | D:6      | Noticed Pikel
  4790 | D:6      | Killed Pikel
  4790 | D:6      | Reached skill level 4 in Fighting
  4790 | D:6      | Reached skill level 5 in Stealth
  4790 | D:6      | Reached XP level 8. HP: 48/48 MP: 7/9
  4851 | D:6      | Found a transporter.
  4852 | D:6      | Noticed a kobold demonologist
  4854 | D:6      | Noticed a kobold demonologist
  4890 | D:6      | Reached skill level 5 in Fighting
  4904 | D:6      | Noticed an unseen horror
  4921 | D:6      | Killed an unseen horror
  4921 | D:6      | Reached skill level 1 in Long Blades
  4921 | D:6      | Reached XP level 9. HP: 40/55 MP: 9/11
  5267 | D:6      | Reached skill level 6 in Fighting
  5421 | D:6      | Found a transporter.
  5459 | D:6      | Noticed an orc high priest
  5591 | D:6      | Found a hazy altar of Hepliaklqana.
  5833 | D:6      | Found a deep blue altar of Sif Muna.
  6050 | D:7      | Found a staircase to the Ecumenical Temple.
  6488 | D:6      | Reached * piety under Kikubaaqudgha
  6488 | D:6      | Identified Kikubaaqudgha's Grimoire of Evil Secrets
                  | (Kikubaaqudgha gifted it to you on level 6 of the Dungeon)
  6488 | D:6      | Received a gift from Kikubaaqudgha
  6496 | D:6      | Learned a level 1 spell: Animate Skeleton
  6498 | D:6      | Learned a level 1 spell: Pain
  6502 | D:6      | Learned a level 3 spell: Vampiric Draining
  6746 | D:7      | Found a shimmering altar of Xom.
  6809 | D:7      | Found an iron altar of Okawaru.
  7137 | D:4      | Killed a hippogriff
  7794 | D:8      | Reached skill level 7 in Fighting
  7794 | D:8      | Reached XP level 10. HP: 63/63 MP: 13/13
  7795 | D:8      | Noticed Grum
  7815 | D:8      | Killed Grum
  7815 | D:8      | Reached skill level 5 in Evocations
  7833 | D:8      | HP: 3/63 [wolf[Grum] (4)]
  7887 | D:8      | HP: 3/63 [centaur (5)]
  7892 | D:8      | HP: 1/63 [hound (2)]
  8404 | D:8      | Noticed Harold
  8457 | D:8      | Noticed Harold
  8457 | D:8      | Harold changed into Harold the glowing orange brain
  8469 | D:8      | Killed Harold the glowing orange brain
  8469 | D:8      | Reached skill level 8 in Fighting
  8646 | D:8      | Noticed Maurice
  8650 | D:8      | Noticed Maurice
  8650 | D:8      | Maurice changed into Maurice the wyvern
  8664 | D:8      | Killed Maurice the wyvern
  8857 | D:8      | Noticed a death yak
  9540 | D:8      | Reached skill level 1 in Necromancy
  9708 | D:8      | Reached skill level 1 in Spellcasting
  9758 | D:8      | Reached XP level 11. HP: 34/69 MP: 15/15
  9766 | D:8      | Reached skill level 9 in Fighting
 10038 | D:9      | Reached ** piety under Kikubaaqudgha
 10554 | D:9      | Found a staircase to the Orcish Mines.
 10568 | D:9      | Reached skill level 5 in Long Blades
 10572 | D:9      | Reached *** piety under Kikubaaqudgha
 10572 | D:9      | Identified Kikubaaqudgha's Guide on Unholy Magic
                  | (Kikubaaqudgha gifted it to you on level 9 of the Dungeon)
 10572 | D:9      | Received a gift from Kikubaaqudgha
 10611 | D:9      | Learned a level 5 spell: Dispel Undead
 10815 | D:9      | Noticed a death yak
 10875 | D:9      | Found a radiant altar of Vehumet.
 10875 | D:9      | Found an opulent altar of Gozag.
 11298 | D:10     | Entered Level 10 of the Dungeon
 11558 | D:10     | Reached **** piety under Kikubaaqudgha
 11958 | D:11     | Found Diellol's General Store.
 12153 | D:11     | Found a staircase to the Lair.
 12198 | D:11     | Noticed Nergalle
 12316 | D:11     | Reached XP level 12. HP: 50/77 MP: 17/17
 12447 | D:11     | Found Tavogolusu's Distillery.
 12501 | D:11     | Bought a potion of degeneration for 12 gold pieces
 12584 | D:11     | Killed Nergalle
 12669 | D:11     | Reached skill level 10 in Fighting
 12674 | D:11     | Reached ***** piety under Kikubaaqudgha
 13002 | Lair:1   | Entered Level 1 of the Lair of Beasts
 13125 | Lair:1   | Identified a scroll of acquirement
 14969 | Lair:2   | Reached skill level 1 in Crossbows
 15020 | Lair:2   | Learned a level 4 spell: Animate Dead
 15368 | Lair:3   | Reached XP level 13. HP: 52/83 MP: 20/20
 15742 | Lair:3   | Noticed a seven-headed hydra
 15756 | Lair:2   | Reached skill level 5 in Spellcasting
 15855 | Lair:3   | Killed a seven-headed hydra
 15855 | Lair:3   | Reached skill level 5 in Necromancy
 16003 | Lair:3   | Found a staircase to the Shoals.
 16827 | Lair:4   | Found a staircase to the Snake Pit.
 16858 | Lair:4   | Reached ****** piety under Kikubaaqudgha
 16867 | Lair:4   | Reached skill level 10 in Dodging
 16896 | Lair:4   | Received a gift from Kikubaaqudgha
 16934 | Lair:4   | Reached skill level 11 in Fighting
 17411 | Lair:4   | Reached skill level 10 in Stealth
 17892 | Lair:5   | Noticed a four-headed hydra
 17900 | Lair:5   | Killed a four-headed hydra
 18010 | Lair:5   | Noticed a seven-headed hydra
 18063 | Lair:5   | Killed a seven-headed hydra
 18617 | Lair:5   | Reached XP level 14. HP: 78/90 MP: 22/22
 18793 | Lair:6   | Entered Level 6 of the Lair of Beasts
 19499 | D:11     | Bought a wand of paralysis (12) for 182 gold pieces
 20376 | D:12     | Identified Spellcraft, Part Two
 20892 | D:13     | Reached skill level 5 in Crossbows
 21766 | Orc:1    | Entered Level 1 of the Orcish Mines
 21813 | Orc:1    | Reached skill level 12 in Fighting
 21945 | Orc:1    | Found a dark tunnel.
 21997 | Volcano  | Entered a volcano
 22307 | Volcano  | Reached skill level 10 in Long Blades
 22327 | Volcano  | Slain by a skeletal warrior

Skill      XL: |  1  2  3  4  5  6  7  8  9 10 11 12 13 14 |
---------------+-------------------------------------------+-----
Dodging        | 4 5 6 8 9 10 11 | 11.2
Stealth        | 1 2 3 5 6 7 8 9 10 11 | 11.4
Short Blades   | 5 6 8 9 |  9.0
Armour         | 1 2 3 4 |  4.0
Fighting       | 3 4 5 7 8 9 10 11 12 | 12.0
Evocations     | 2 3 4 6 7 8 9 |  9.0
Long Blades    | 1 2 4 5 7 8 10 | 10.0
Necromancy     | 1 3 4 5 6 |  6.0
Spellcasting   | 1 3 4 5 6 |  6.0
Crossbows      | 1 4 5 |  5.5
Throwing       | |  2.1

Action                   |  1- 3 |  4- 6 |  7- 9 | 10-12 | 13-15 || total
-------------------------+-------+-------+-------+-------+-------++-------
Melee: Rapier            |   126 |   195 |   229 |   394 |   109 ||  1053
       Falchion          |       |       |    19 |   455 |   601 ||  1075
       Whip              |       |       |       |    14 |       ||    14
       Scimitar          |       |       |       |   186 |   294 ||   480
       Long sword        |       |       |       |     4 |       ||     4
 Fire: Blowgun           |       |       |       |     2 |       ||     2
Throw: Throwing net      |     3 |       |       |     1 |       ||     4
 Cast: Animate Skeleton  |       |       |       |    38 |     1 ||    39
       Animate Dead      |       |       |       |     3 |    20 ||    23
       Vampiric Draining |       |       |       |       |     5 ||     5
Invok: Receive Necronomi |       |       |       |       |     1 ||     1
 Abil: Evoke Berserk Rag |       |       |       |       |     1 ||     1
Evoke: Wand              |       |       |    15 |    25 |    21 ||    61
       Phial of floods   |       |       |       |     1 |     1 ||     2
  Use: Potion            |     4 |       |       |     8 |       ||    12
       Scroll            |       |       |       |    26 |     9 ||    35
 Stab: Sleeping          |     2 |     7 |     3 |    23 |    21 ||    56
       Distracted        |       |     2 |       |     3 |     8 ||    13
       Paralysed         |       |       |     9 |       |     8 ||    17
       Invisible         |       |       |       |     5 |       ||     5
       Held in net/web   |       |       |       |     2 |       ||     2
  Eat: Chunk             |    10 |     6 |    13 |    33 |    32 ||    94
Armor: Leather armour    |    12 |    29 |     9 |       |       ||    50
       Robe              |       |       |    16 |    32 |    22 ||    70
       Troll leather arm |       |       |       |   135 |   178 ||   313
       Skin              |       |       |       |    60 |       ||    60
Dodge: Dodged            |    79 |   148 |   176 |   947 |   959 ||  2309
       Rpst.: Falchion   |       |       |     2 |   124 |   143 ||   269
       Scimitar          |       |       |       |    58 |    77 ||   135
